 Dungeon Crawl Stone Soup version 0.24-a0-5-g797c3c0 (webtiles) character file.

Game seed: 8849917358731539781

239 Blackhawk the Cudgeler (level 6, -3/37 HPs)
             Began as a Gargoyle Gladiator on Jan 30, 2019.
             Splashed by Ijyb's acid (14 damage)
             ... on level 3 of the Dungeon.
             The game lasted 00:04:13 (3057 turns).

Blackhawk the Cudgeler (Gargoyle Gladiator)         Turns: 3057, Time: 00:04:14

Health: -3/37      AC:  7    Str: 19    XL:     6   Next: 7%
Magic:  6/6        EV:  9    Int:  9    God:
Gold:   87         SH:  8    Dex: 11    Spells: 5/5 levels left

rFire    . . .     SeeInvis .   a - +0 flail
rCold    . . .     Gourm    +   e - +0 shield
rNeg     + . .     Faith    .   b - +0 leather armour
rPois    ∞         Spirit   .   c - +0 helmet
rElec    +         Reflect  .   (no cloak)
rCorr    .         Harm     .   (no gloves)
MR       .....                  h - +1 pair of boots
Stlth    +.........             o - amulet of the gourmand
HPRegen  0.12/turn              (no ring)
MPRegen  0.10/turn              (no ring)

@: corroded
A: negative energy resistance 1, electricity resistance, unbreathing,
petrification resistance, rot immunity, AC +4
a: no special abilities


You were on level 3 of the Dungeon.
You were completely stuffed.

You visited 1 branch of the dungeon, and saw 3 of its levels.

You collected 87 gold pieces.

Inventory:

Hand Weapons
 a - a +0 flail (weapon)
Missiles
 d - 3 throwing nets
 l - 3 tomahawks (quivered)
Armour
 b - a +0 leather armour (worn)
 c - a +0 helmet (worn)
 e - a +0 shield (worn)
 h - a +1 pair of boots (worn)
Jewellery
 o - an amulet of the gourmand (around neck)
 v - an uncursed amulet of regeneration {unknown}
Wands
 q - a wand of random effects (25)
Scrolls
 g - 2 scrolls of fear {unknown}
 i - 2 scrolls of identify {unknown}
 j - 2 scrolls of teleportation {unknown}
 k - 3 scrolls of random uselessness {unknown}
 n - a scroll of magic mapping {unknown}
 p - 3 scrolls of enchant armour {unknown}
 u - a scroll of fog {unknown}
Potions
 m - a potion of haste {unknown}
 r - a potion of cancellation {unknown}
 s - a potion of curing {unknown}
 t - a potion of mutation {unknown}
 w - a potion of degeneration {unknown}
Comestibles
 f - 8 rations
 x - 4 chunks of flesh


   Skills:
 + Level 3.5 Fighting
 + Level 3.9 Maces & Flails
 + Level 3.0 Throwing
 + Level 2.6 Armour
 - Level 2.4 Dodging
 + Level 2.2 Shields


You had 5 spell levels left.
You didn't know any spells.
Your spell library was empty.

Dungeon Overview and Level Annotations

Branches:
Dungeon (3/15)

Altars:

Annotations:
D:3 Ijyb


Innate Abilities, Weirdness & Mutations

You are resistant to torment.
Your stone body is resilient. (AC +4)
You are immune to poison.
You resist negative energy. (rN+)
You are resistant to electric shocks. (rElec)
You can survive without breathing.
You are immune to petrification.
You are immune to rotting.


Message History

You are too injured to fight recklessly!
You are too injured to fight recklessly!
You are too injured to fight recklessly!
You are too injured to fight recklessly!
You are too injured to fight recklessly!
You are too injured to fight recklessly!
You are too injured to fight recklessly!
You are too injured to fight recklessly!
You are too injured to fight recklessly!
You are too injured to fight recklessly!
You are too injured to fight recklessly!
The bat hits you but does no damage. The bat hits you but does no damage.
Ijyb zaps a wand.
The bolt of acid hits the bat!!
The bat is splashed with acid.
The acid corrodes the bat!
The bat dies!
The bolt of acid hits you!
* * * LOW HITPOINT WARNING * * *
You are splashed with acid!
You die...

###.#..#.#+#....#
###.#..#.#.##.#
###.#....##.#
###..####..
########## ##.##
#....# .># ###
####.##.#
###.##....#
.....##.#
#.†..g.#
#######.#
#@#.####
#.########.#...
#..........#####
############


You could see Ijyb.

Vanquished Creatures
  A phantom (D:3)
  6 adders
  An ooze (D:1)
  2 worms (D:2)
  A dart slug (D:3)
  4 leopard geckos
  An orc (D:3)
  4 giant cockroaches
  4 goblins
  8 hobgoblins
  16 jackals
  7 kobolds
  2 quokkas (D:3)
  2 ball pythons (D:1)
  10 bats
  2 frilled lizards
  8 rats
79 creatures vanquished.

Vanquished Creatures (others)
  A bat (D:3)
1 creature vanquished.

Grand Total: 80 creatures vanquished

Notes
Turn   | Place    | Note
-------+----------+-------------------------------------------
     0 | D:1      | Blackhawk the Gargoyle Gladiator began the quest for the
                  | Orb.
     0 | D:1      | Reached XP level 1. HP: 12/12 MP: 1/1
   188 | D:1      | Reached XP level 2. HP: 18/18 MP: 2/2
   474 | D:1      | Reached skill level 1 in Armour
   495 | D:1      | Reached XP level 3. HP: 16/22 MP: 3/3
  1539 | D:2      | Reached XP level 4. HP: 27/27 MP: 4/4
  1575 | D:2      | Reached skill level 1 in Shields
  2244 | D:2      | Reached XP level 5. HP: 32/32 MP: 5/5
  2585 | D:3      | Noticed a phantom
  2629 | D:3      | Killed a phantom
  2629 | D:3      | Reached XP level 6. HP: 19/37 MP: 6/6
  3052 | D:3      | Noticed Ijyb
  3057 | D:3      | Splashed by Ijyb's acid

Vault maps used:
D:1:      elethiomel_arrival_maze
D:2:      minmay_tetromino_s4
D:3:      minmay_razor_zed, uniq_ijyb

Skill      XL: |  1  2  3  4  5  6 |
---------------+-------------------+-----
Throwing       | 2 3 |  3.0
Armour         | 1 2 |  2.6
Fighting       | 3 |  3.5
Shields        | 1 2 |  2.2
Maces & Flails | |  3.9
Dodging        | |  2.4

Action                   |  1- 3 |  4- 6 || total
-------------------------+-------+-------++-------
Melee: Flail             |   154 |   185 ||   339
 Stab: Sleeping          |       |     1 ||     1
  Eat: Chunk             |     2 |    21 ||    23
Armor: Leather armour    |    85 |   107 ||   192
Dodge: Dodged            |    78 |    89 ||   167
Block: Shield            |    44 |    93 ||   137

Table legend:
 A = Non-vault XP
 B = Vault XP
 C = Vault XP percentage of total XP
 D = Non-vault monster count
 E = Vault monster count
 F = Vault count percentage of total count
                 A         B        C        D         E       F
            +---------+---------+-------+---------+---------+-------
      Total |     201 |     141 |  41.2 |      76 |       4 |   5.0
            +---------+---------+-------+---------+---------+-------
        D:1 |      56 |       0 |   0.0 |      31 |       0 |   0.0
        D:2 |     108 |       2 |   1.8 |      25 |       1 |   3.8
        D:3 |      37 |     139 |  79.0 |      20 |       3 |  13.0
            +---------+---------+-------+---------+---------+-------
